 Dungeon Crawl Stone Soup version 0.31-a0-236-g9a0961fb85 (webtiles) character file.

Game seed: 7104969873415735949

207453 Newt the Markskobold (level 19, -4/111 HPs)
             Began as a Kobold Hunter on July 10, 2023.
             Was the Champion of Hepliaklqana.
             Slain by a +4 halberd of distortion (8 damage)
             ... on level 3 of the Elven Halls.
             The game lasted 00:56:46 (31497 turns).

Newt the Markskobold (Kobold Hunter)               Turns: 31497, Time: 00:56:47

Health: -4/111     AC: 16    Str:  5    XL:     19   Next: 46%
Magic:  29/31      EV: 33    Int: 13    God:    Hepliaklqana [******]
Gold:   2146       SH:  0    Dex: 27    Spells: 31/34 levels left

rFire   + . .        H - +4 orcbow (drain)
rCold   + . .        (shield currently unavailable)
rNeg    + . .        U - +1 troll leather armour
rPois   +            K - -2 hat of the Alchemist {rElec rPois rF+ rC+ rN+ Will+ rMut rCorr}
rElec   +            J - +2 cloak "Hef Yhef" {Harm Will+ Int+2}
rCorr   +            c - +1 pair of gloves of Vaott {rElec Str-4 Dex+2}
SInv    .            n - +0 pair of boots
Will    +++..        D - amulet of regeneration
Stlth   +++++        k - +4 ring of protection
HPRegen 1.98/turn    X - +5 ring of evasion
MPRegen 0.22/turn

%: harm (+30% outgoing, +20% incoming), resist mutation
@: studying Evocations
A: reduced essence, small, no large weapons, nightstalker 3
}: 1/15 runes: decaying
a: Renounce Religion, Recall Ancestor, Ancestor Identity, Transference, Idealise


You were on level 3 of the Elven Halls.
You worshipped Hepliaklqana.
Hepliaklqana was exalted by your worship.
You visited 7 branches of the dungeon, and saw 27 of its levels.

You collected 2877 gold pieces.
You spent 731 gold pieces at shops.

Inventory:

Hand Weapons
 l - a +4 orcbow of freezing
 H - a +4 orcbow of draining (weapon)
Armour
 c - the +1 pair of gloves of Vaott (worn) {rElec Str-4 Dex+2}
   (You bought it in a shop on level 2 of the Orcish Mines)

   Str:       It affects your strength (-4).
   Dex:       It affects your dexterity (+2).
   rElec:     It insulates you from electricity.
 n - a +0 pair of boots (worn)
 I - +0 swamp dragon scales
 J - the +2 cloak "Hef Yhef" (worn) {Harm Will+ Int+2}
   (You found it on level 2 of the Swamp)

   Int:       It affects your intelligence (+2).
   Harm:      It increases damage dealt and taken.
   Will:      It increases your willpower.
 K - the -2 hat of the Alchemist (worn) {rElec rPois rF+ rC+ rN+ Will+ rMut rCorr}
   (You found it on level 1 of the Lair of Beasts)

   rF:        It protects you from fire.
   rC:        It protects you from cold.
   rElec:     It insulates you from electricity.
   rPois:     It protects you from poison.
   rN:        It protects you from negative energy.
   rCorr:     It protects you from acid and corrosion.
   rMut:      It protects you from mutation.
   Will:      It increases your willpower.
 U - a +1 troll leather armour (worn)
Jewellery
 f - a ring of flight
 g - a ring of positive energy
 k - a +4 ring of protection (left hand)
 x - an amulet of the acrobat
 C - a +4 ring of slaying
 D - an amulet of regeneration (around neck)
 G - a +4 ring of protection
 P - a ring of protection from fire
 S - an amulet of magic regeneration
 X - a +5 ring of evasion (right hand)
Wands
 m - a wand of polymorph (11)
 u - a wand of iceblast (8)
 v - a wand of quicksilver (19)
 E - a wand of charming (16)
 F - a wand of mindburst (30)
 L - a wand of digging (4)
 Q - a wand of flame (46)
Scrolls
 a - 2 scrolls of enchant armour
 b - a scroll of blinking
 h - a scroll of vulnerability
 q - 4 scrolls of revelation
 s - 8 scrolls of teleportation
 B - 2 scrolls of identify
 R - a scroll of brand weapon
 T - 3 scrolls of fear
 V - a scroll of poison
 Y - 3 scrolls of silence
Potions
 d - a potion of magic
 e - 5 potions of might
 i - 2 potions of attraction
 j - 14 potions of curing
 o - 3 potions of mutation
 p - a potion of resistance
 r - 2 potions of invisibility
 t - 3 potions of ambrosia
 w - 2 potions of cancellation
 z - 3 potions of haste
 M - 2 potions of enlightenment
 O - 2 potions of lignification
Miscellaneous
 A - a box of beasts (inert)
 N - a lightning rod (1/4)
 W - a tin of tremorstones (inert)


   Skills:
 - Level 15.0 Fighting
 - Level 20.0 Ranged Weapons
 - Level 10.0 Armour
 - Level 15.0 Dodging
 - Level 8.0 Stealth
 - Level 8.0 Spellcasting
 + Level 5.9 Hexes
 + Level 5.9 Translocations
 - Level 9.0 Invocations
 - Level 18.0 Evocations


You had 31 spell levels left.
You knew the following spells:

 Your Spells              Type           Power      Damage    Failure   Level
a - Portal Projectile     Hex/Tloc       40%        N/A       5%          3

Your spell library contained the following spells:

 Spells                   Type           Power      Damage    Failure   Level
 Apportation              Tloc           40%        N/A       1%          1
 Confusing Touch          Hex            20%        N/A       5%          3
 Gell's Gravitas          Tloc           20%        N/A       5%          3
 Teleport Other           Tloc           20%        N/A       5%          3
 Tukima's Dance           Hex            20%        N/A       5%          3
 Ensorcelled Hibernation  Hex/Ice        24%        N/A       9%          2
 Kiss of Death            Conj/Necr      20%        2d7       21%         1
 Magic Dart               Conj           20%        1d4       21%         1
 Call Imp                 Summ           10%        N/A       30%         2
 Cigotuvi's Dreadful Rot  Necr/Pois/Air  10%        N/A       30%         2
 Searing Ray              Conj           10%        2d4       30%         2
 Sublimation of Blood     Necr           5%         N/A       30%         2
 Call Canine Familiar     Summ           5%         N/A       52%         3
 Ignite Poison            Fire/Tmut/Pois 5%         N/A       52%         3
 Mephitic Cloud           Conj/Pois/Air  5%         N/A       52%         3
 Ozocubu's Armour         Ice            5%         N/A       52%         3
 Spider Form              Tmut/Pois      5%         N/A       52%         3
 Anguish                  Hex/Necr       6%         N/A       52%         4
 Fulminant Prism          Conj/Hex       6%         3d6       52%         4
 Leda's Liquefaction      Hex/Erth       6%         N/A       52%         4
 Summon Forest            Summ/Tloc      6%         N/A       86%         5
 Dispel Undead            Necr           5%         3d7       89%         4
 Petrify                  Tmut/Erth      5%         N/A       89%         4
 Dispersal                Tloc           10%        N/A       95%         6
 Alistair's Intoxication  Tmut/Pois      3%         N/A       99%         5
 Blade Hands              Tmut           2%         N/A       99%         5
 Freezing Cloud           Conj/Ice/Air   2%         6-21      99%         5
 Irradiate                Conj/Tmut      2%         3d12      99%         5
 Eringya's Noxious Bog    Tmut/Pois      2%         4d6       100%        6
 Leda's Unmaking          Conj/Erth      2%         9d1       100%        6
 Ozocubu's Refrigeration  Ice            2%         4d8       100%        7
 Summon Hydra             Summ           2%         N/A       100%        7
 Fire Storm               Conj/Fire      2%         8d1       100%        9


Dungeon Overview and Level Annotations

Branches:
Dungeon (10/15)            Temple (1/1) D:4            Lair (5/5) D:9
  Swamp (4/4) Lair:3       Spider (2/4) Lair:3        Slime (0/5) Lair:4
    Orc (2/2) D:10            Elf (3/3) Orc:2

Altars:
Ashenzari
Hepliaklqana
Kikubaaqudgha
Makhleb
Nemelex Xobeh
Okawaru
Ru
Sif Muna
Trog
Vehumet
Xom
The Shining One
Jiyva

Shops:
D:3 ?   Orc:2 *[(:   Elf:1 *

Annotations:
D:4 1 runed translucent door, NightmareEGirl's ghost, amateur NaBe


Innate Abilities, Weirdness & Mutations

Your life essence is reduced to manifest your ancestor. (-10% HP)
You are small and have problems with some larger weapons.
You are completely attuned to the shadows.


Message History

The +4 halberd of distortion completely misses you.
Unknown command.
Unknown command.
Fire: H) +4 orcbow (drain)
Press: ? - help, Shift-Dir - straight line, f/p - deep elf high priest
Aim: a deep elf high priest, wielding a +0 scimitar and wearing a +0 chain mail (severely wounded, ally target, 74% to hit)
You shoot an arrow.
The arrow hits the deep elf high priest!
The deep elf high priest is almost dead.
Nebetia closely misses the deep elf high priest.
A deep elf master archer comes into view.
It is wearing a +2 leather armour of willpower.
The deep elf high priest invokes the aid of its god against you.
Something smites you!
A deep elf annihilator comes into view. It is wielding a +0 rapier.
The +4 halberd of distortion misses you.
Unknown command.
Nebetia hits the deep elf high priest with a +0 broad axe of flaming!
Nebetia burns the deep elf high priest.
Nebetia completely misses the deep elf high priest.
A deep elf elementalist comes into view.
It is wielding a +0 long sword.
The deep elf high priest shouts, "You must be punished!"
Fire: H) +4 orcbow (drain)
Press: ? - help, Shift-Dir - straight line, f - deep elf elementalist
Aim: a deep elf elementalist, wielding a +0 long sword (severely wounded, spells empowered, repelling missiles, 43% to hit)
Fire: H) +4 orcbow (drain)
Press: ? - help, Shift-Dir - straight line, f - +4 halberd of distortion
Aim: a +4 halberd of distortion (moderately damaged, 60% to hit)
Nebetia is recalled.
The +4 halberd of distortion hits you from afar!
Space warps horribly around you!
* * * LOW HITPOINT WARNING * * *
The deep elf elementalist mumbles some strange words.
The deep elf elementalist seems to speed up.
You swap places.
Nebetia closely misses the +4 halberd of distortion.
You hear rumbling.
The +4 halberd of distortion hits you from afar!!
* * * LOW HITPOINT WARNING * * *
Space warps horribly around you!
You die...

.........
.........
.......).
...e.e)..
#..ee.#
###e###
#(# #R#
#@# #.#
#.# #.#
##.# #..#
#.##
####.####
#..<....#


You could see the friendly Nebetia the knight (fast, reflecting), a deep elf
master archer, a deep elf annihilator (empowered), a deep elf high priest
(brilliance aura, ally target) and a +4 halberd of distortion.

Vanquished Creatures
  The ghost of Teqapn the Slayer, a veteran FoMo of Qazlal (Elf:2)
  2 tentacled monstrosities
  A deep elf blademaster (Elf:3)
  A deep elf master archer (Elf:3)
  Donald (Swamp:4)
  The ghost of avis the Apostle, a journeyman HOFi of Beogh (Swamp:2)
  A deep elf sorcerer (Elf:3)
  4 ghouls (Swamp:3)
  3 ghost moths (Spider:1)
  4 deep elf annihilators
  4 eleionomae
  4 bunyips
  An entropy weaver (Spider:1)
  3 fire dragons (Swamp:4)
  Josephine (Lair:4)
  The ghost of spardeous the Nimble, a journeyman FeEE of Gozag (Lair:5)
  Erolcha (D:10)
  2 spriggan air magi
  2 catoblepae
  A ghost crab (Swamp:4)
  4 boulder beetles
  13 hydras
  An ogre mage (D:10)
  A two-headed ogre (D:8)
  5 alligators
  5 death yaks (Lair:5)
  20 dancing weapons
  A demonic crawler (Spider:1)
  A tengu warrior (D:10)
  11 deep elf knights
  2 orc high priests (Orc:2)
  4 spriggans
  Amaemon (Lair:3)
  A sun moth (Spider:1)
  3 fire crabs
  3 pharaoh ants
  6 goliath frogs
  A skeletal warrior (D:10)
  2 bog bodies
  A glowing orange brain (D:10)
  3 orb spiders (Spider:1)
  8 deep elf archers
  8 swamp dragons
  A necromancer (Swamp:4)
  4 steelbarb worms
  23 deep elf zephyrmancers
  2 orc knights
  17 deep elf pyromancers
  5 wolf spiders (Spider:1)
  2 cyclopes
  4 orc sorcerers
  A manticore (D:10)
  2 will-o-the-wisps
  A moth of wrath (Swamp:2)
  19 elephants
  3 torpor snails
  2 black mambas
  An orange demon (Lair:3)
  9 cane toads
  6 komodo dragons
  3 rime drakes
  4 trolls
  A bloated husk (Swamp:4)
  6 hornets
  4 tarantellas
  12 blink frogs
  8 tyrant leeches
  A polar bear (Lair:4)
  6 dream sheep (Lair:5)
  11 jumping spiders
  A spriggan skeleton (Swamp:4)
  An air elemental (Elf:3)
  3 wraiths
  4 culicivoras
  3 wyverns
  A vampire (D:10)
  2 fire bats (Swamp:4)
  A hog (Lair:3)
  31 yaks
  2 fire elementals
  15 redbacks
  5 vampire mosquitoes (Lair:3)
  3 basilisks
  5 steam dragons
  A spriggan simulacrum (Swamp:4)
  13 swamp worms
  A warg (Orc:2)
  A death drake simulacrum (Swamp:4)
  11 water moccasins
  An acid dragon (D:10)
  9 swamp drakes
  An ice beast (D:6)
  4 black bears
  7 ogres
  26 orc warriors
  3 centaurs
  28 wolves
  3 lemures (D:6)
  A phantom (D:5)
  3 kobold brigands
  11 bullfrogs
  An earth elemental (Elf:1)
  3 scorpions (D:4)
  4 electric eels
  A howler monkey (D:7)
  A lava snake (Swamp:4)
  A quasit (D:5)
  13 jellies
  A gnoll bouda (D:8)
  17 orc priests
  5 hounds
  A sleepcap (D:7)
  16 orc wizards
  3 iguanas
  2 hell rats (Lair:3)
  Robin (D:3)
  13 adders
  7 gnolls
  A white imp (D:6)
  An ufetubus (D:5)
  A worm (D:4)
  4 dart slugs
  77 orcs
  7 bats
  13 endoplasms
  2 giant cockroaches
  21 goblins
  10 hobgoblins
  4 jackals (D:2)
  5 quokkas
  5 ball pythons
  7 frilled lizards
  11 kobolds
  2 rats
764 creatures vanquished.

Vanquished Creatures (collateral kills)
  Kirke (Lair:2)
  A ghost moth (Spider:2)
  2 deep elf sorcerers (Elf:3)
  An orc warlord (Orc:2)
  A bunyip (Swamp:1)
  A deep elf annihilator (Elf:3)
  A deep elf death mage (Elf:3)
  A ghost crab (Swamp:1)
  4 hydras
  6 alligators
  A centaur warrior (D:10)
  A death yak (Lair:5)
  A radroach (Spider:1)
  A deep troll shaman (Lair:5)
  5 dancing weapons
  3 spriggans (Swamp:4)
  4 deep elf knights
  A death drake (Swamp:1)
  A skyshark (Lair:2)
  3 goliath frogs
  2 spriggan druids
  A swamp dragon (Swamp:4)
  Pikel (D:6)
  2 deep elf archers (Elf:1)
  A steelbarb worm (Spider:1)
  7 deep elf pyromancers
  An ugly thing (D:10)
  5 deep elf zephyrmancers
  A wolf spider (Spider:1)
  A lindwurm (Lair:5)
  A will-o-the-wisp (Swamp:4)
  3 elephants
  An ice statue (D:7)
  2 cane toads
  A troll (Orc:2)
  2 blink frogs
  4 tyrant leeches
  3 hornets
  3 tarantellas
  2 jumping spiders (Spider:1)
  2 culicivoras
  A wraith (Lair:4)
  19 yaks
  3 wyverns
  2 steam dragons
  4 redbacks
  3 basilisks
  2 swamp worms
  2 vampire mosquitoes (Lair:2)
  3 water moccasins
  18 orc warriors
  2 black bears
  2 ogres (Orc:2)
  6 wolves
  A phantom (D:6)
  A lemure (D:6)
  5 bullfrogs
  An earth elemental (Elf:1)
  A howler monkey (D:9)
  3 electric eels
  6 hounds
  A jelly (Lair:4)
  3 orc priests
  7 orc wizards
  2 hell rats (Lair:3)
  3 gnolls (D:8)
  A white imp (D:5)
  An ufetubus (D:5)
  15 orcs
  2 kobolds (D:9)
206 creatures vanquished.

Vanquished Creatures (others)
  A lindwurm (Swamp:4)
  2 bloated husks (Swamp:2)
  2 swamp drakes (Swamp:4)
  17 knights
  4 foxfires (Swamp:4)
26 creatures vanquished.

Grand Total: 996 creatures vanquished

Notes
Turn   | Place    | Note
-------+----------+-------------------------------------------
     0 | D:1      | Newt the Kobold Hunter began the quest for the Orb.
     0 | D:1      | Reached XP level 1. HP: 12/12 MP: 1/1
   187 | D:1      | Reached XP level 2. HP: 19/19 MP: 2/2
   299 | D:1      | Reached XP level 3. HP: 23/23 MP: 3/3
   870 | D:2      | Reached XP level 4. HP: 21/30 MP: 4/4
  1074 | D:2      | You fall into a shaft and drop 2 floors!
  1133 | D:4      | Noticed a scorpion
  1136 | D:4      | Killed a scorpion
  1137 | D:4      | Reached skill level 5 in Fighting
  1137 | D:4      | Reached skill level 6 in Ranged Weapons
  1137 | D:4      | Reached XP level 5. HP: 35/35 MP: 5/5
  1448 | D:4      | Found a staircase to the Ecumenical Temple.
  1454 | Temple   | Entered the Ecumenical Temple
  1485 | Temple   | Became a worshipper of Hepliaklqana the Forgotten
  1597 | D:4      | Reached skill level 7 in Ranged Weapons
  1597 | D:4      | Reached XP level 6. HP: 40/40 MP: 6/6
  1775 | D:3      | Reached skill level 8 in Ranged Weapons
  2031 | D:3      | Noticed Robin
  2037 | D:3      | Reached XP level 7. HP: 44/44 MP: 7/7
  2042 | D:3      | Killed Robin
  2218 | D:3      | Reached skill level 9 in Ranged Weapons
  2247 | D:3      | Found Vabrun's Magic Scroll Shoppe.
  2250 | D:3      | Bought a scroll of teleportation for 36 gold pieces
  2250 | D:3      | Bought a scroll of identify for 24 gold pieces
  2250 | D:3      | Bought a scroll of identify for 24 gold pieces
  2656 | D:2      | Reached * piety under Hepliaklqana
  3100 | D:4      | Found a runed translucent door.
  3101 | D:4      | Noticed a yak
  3101 | D:4      | Noticed NightmareEGirl's ghost (amateur NaBe)
  3613 | D:5      | Entered Level 5 of the Dungeon
  3621 | D:5      | Reached skill level 10 in Ranged Weapons
  3881 | D:5      | Reached XP level 8. HP: 44/44 MP: 8/8
  3885 | D:5      | Reached skill level 5 in Dodging
  4262 | D:6      | Reached ** piety under Hepliaklqana
  4263 | D:6      | Remembered your ancestor Nebetia as a knight
  4323 | D:6      | Noticed Pikel
  4332 | D:6      | Killed Pikel
  4333 | D:6      | Reached skill level 12 in Ranged Weapons
  4333 | D:6      | Reached XP level 9. HP: 22/48 MP: 9/9
  4526 | D:6      | Reached skill level 13 in Ranged Weapons
  4656 | D:6      | Reached skill level 14 in Ranged Weapons
  4719 | D:6      | Found a sparkling altar of Nemelex Xobeh.
  6096 | D:7      | Noticed an ice statue
  6104 | D:7      | Killed an ice statue
  6105 | D:7      | Reached skill level 1 in Evocations
  6105 | D:7      | Reached XP level 10. HP: 48/57 MP: 10/10
  6728 | D:7      | Found an iron altar of Okawaru.
  7004 | D:8      | Noticed a two-headed ogre
  7009 | D:8      | Killed a two-headed ogre
  7299 | D:8      | Reached *** piety under Hepliaklqana
  7494 | D:8      | Found a sacrificial altar of Ru.
  7520 | D:8      | Paralysed by a hornet for 2 turns
  7688 | D:8      | Found a glowing golden altar of the Shining One.
  7952 | D:9      | Reached skill level 1 in Armour
  8167 | D:9      | Found a broken altar of Ashenzari.
  8271 | D:9      | Reached XP level 11. HP: 53/61 MP: 11/11
  8320 | D:9      | Reached skill level 5 in Armour
  8672 | D:9      | Found a staircase to the Lair.
  8888 | Lair:1   | Entered Level 1 of the Lair of Beasts
  8913 | Lair:1   | Noticed a boulder beetle
  8931 | Lair:1   | Killed a boulder beetle
  8965 | Lair:1   | Reached **** piety under Hepliaklqana
  9013 | Lair:1   | Reached skill level 1 in Invocations
  9278 | Lair:1   | Noticed an elephant
  9278 | Lair:1   | Noticed an elephant
  9279 | Lair:1   | Noticed an elephant
  9282 | Lair:1   | Noticed an elephant
  9298 | Lair:1   | Killed an elephant
  9306 | Lair:1   | Killed an elephant
  9307 | Lair:1   | Reached skill level 5 in Invocations
  9310 | Lair:1   | Killed an elephant
  9313 | Lair:1   | Killed an elephant
  9533 | Lair:1   | Reached XP level 12. HP: 65/65 MP: 17/17
  9559 | Lair:1   | Found the -2 hat of the Alchemist {rElec rPois rF+ rC+ rN+
                  | Will+ rMut rCorr}
 10383 | Lair:1   | Identified the +1 scale mail of Necurph {rN++ Str+3 Int+4}
 10579 | Lair:1   | Reached skill level 15 in Ranged Weapons
 10828 | Lair:2   | Noticed a skyshark
 10835 | Lair:2   | Killed a skyshark
 11114 | Lair:2   | Noticed a four-headed hydra
 11125 | Lair:2   | Killed a four-headed hydra
 11126 | Lair:2   | Reached skill level 16 in Ranged Weapons
 11633 | Lair:2   | Noticed a six-headed hydra
 11638 | Lair:2   | Killed a six-headed hydra
 11639 | Lair:2   | Reached skill level 10 in Fighting
 11651 | Lair:2   | Reached XP level 13. HP: 67/74 MP: 19/19
 12179 | Lair:3   | Reached ***** piety under Hepliaklqana
 12424 | Lair:3   | Noticed a six-headed hydra
 12435 | Lair:3   | Killed a six-headed hydra
 12619 | Lair:3   | Noticed Amaemon
 12642 | Lair:3   | Killed Amaemon
 13328 | Lair:3   | Noticed Kirke
 13454 | Lair:2   | Killed Kirke
 13624 | Lair:3   | Reached skill level 10 in Dodging
 13738 | Lair:3   | Found a staircase to the Swamp.
 13955 | Lair:3   | Found a hole to the Spider Nest.
 14203 | Lair:4   | Noticed a four-headed hydra
 14206 | Lair:4   | Killed a four-headed hydra
 14878 | Lair:4   | Noticed a catoblepas
 14889 | Lair:4   | Killed a catoblepas
 14890 | Lair:4   | Reached XP level 14. HP: 58/82 MP: 20/20
 14963 | Lair:4   | Found a staircase to the Slime Pits.
 15134 | Lair:4   | Found a viscous altar of Jiyva.
 15284 | Lair:4   | Noticed Josephine
 15291 | Lair:4   | Killed Josephine
 15411 | Lair:4   | Reached skill level 10 in Armour
 15872 | Lair:5   | Entered Level 5 of the Lair of Beasts
 15929 | Lair:4   | Reached skill level 10 in Evocations
 16596 | Lair:5   | Found a runed translucent gate.
 17517 | Lair:5   | Reached XP level 15. HP: 85/86 MP: 21/21
 17758 | Lair:5   | Found a runed translucent gate.
 17758 | Lair:5   | Found a runed translucent gate.
 17759 | Lair:5   | Noticed spardeous's ghost (journeyman FeEE)
 17772 | Lair:5   | Killed spardeous's ghost
 18149 | D:10     | Entered Level 10 of the Dungeon
 18401 | D:10     | Identified the orb of Rotation {*Rage, rN+}
 18522 | D:10     | Reached skill level 17 in Ranged Weapons
 18721 | D:10     | Noticed Erolcha
 18729 | D:10     | Killed Erolcha
 18824 | D:10     | Found a staircase to the Orcish Mines.
 18832 | Orc:1    | Entered Level 1 of the Orcish Mines
 19329 | Orc:1    | Found a burning altar of Makhleb.
 19463 | Orc:2    | Entered Level 2 of the Orcish Mines
 19472 | Orc:2    | Reached skill level 18 in Ranged Weapons
 19745 | Orc:2    | Found a staircase to the Elven Halls.
 19902 | Orc:2    | Found Gemput's Book Shop.
 19971 | Orc:2    | Noticed an orc warlord
 19979 | Orc:2    | Killed an orc warlord
 19983 | Orc:2    | Reached skill level 19 in Ranged Weapons
 20035 | Orc:2    | Found Ciczov's Antique Armour Shop.
 20036 | Orc:2    | Found Penod's Antique Weapon Boutique.
 20047 | Orc:2    | Bought a pair of pitted gloves for 285 gold pieces
 20047 | Orc:2    | Identified the +1 pair of gloves of Vaott {rElec Str-4
                  | Dex+2} (You bought it in a shop on level 2 of the Orcish
                  | Mines)
 20327 | Orc:2    | Found Plog's Assorted Antiques.
 20332 | Orc:2    | Bought an encrusted marble ring for 180 gold pieces
 20545 | D:10     | Found a radiant altar of Vehumet.
 20824 | Swamp:1  | Entered Level 1 of the Swamp
 20933 | Swamp:1  | Noticed a tentacled monstrosity
 20943 | Swamp:1  | Killed a tentacled monstrosity
 21450 | Swamp:1  | Reached skill level 20 in Ranged Weapons
 21454 | Swamp:1  | Reached XP level 16. HP: 90/90 MP: 22/22
 22241 | Swamp:2  | Found a transporter.
 22253 | Swamp:2  | Noticed avis's ghost (journeyman HOFi)
 22369 | Swamp:2  | Found a transporter.
 22719 | Swamp:2  | Killed avis's ghost
 22732 | Swamp:2  | Identified the +2 cloak "Hef Yhef" {Harm Will+ Int+2}
 22761 | Swamp:2  | Identified the +2 barding of Claustrophobia {Slay+2}
 23198 | Swamp:3  | Reached skill level 15 in Dodging
 23211 | Swamp:3  | Reached ****** piety under Hepliaklqana
 23641 | Swamp:4  | Entered Level 4 of the Swamp
 23854 | Swamp:4  | Reached skill level 15 in Evocations
 23886 | Swamp:4  | Noticed a tentacled monstrosity
 23901 | Swamp:4  | Killed a tentacled monstrosity
 23902 | Swamp:4  | Reached XP level 17. HP: 81/95 MP: 20/23
 24216 | Swamp:4  | Noticed Donald
 24223 | Swamp:4  | Killed Donald
 24237 | Swamp:4  | Got a decaying rune of Zot
 24965 | Spider:1 | Entered Level 1 of the Spider Nest
 27075 | Spider:1 | Reached XP level 18. HP: 100/104 MP: 24/24
 28093 | Elf:1    | Entered Level 1 of the Elven Halls
 28132 | Elf:1    | Reached skill level 15 in Fighting
 28132 | Elf:1    | Reached skill level 1 in Spellcasting
 28374 | Elf:1    | Got Noate's Discursus on Traumaturgy
 28722 | Elf:1    | Found Okha's General Store.
 28732 | Elf:1    | Bought a wand of charming (4) for 182 gold pieces
 28750 | Elf:1    | Reached skill level 5 in Spellcasting
 29190 | Elf:1    | Identified the +2 robe "Seutot" {Str+3}
 29618 | Elf:2    | Found a runed translucent gate.
 29618 | Elf:2    | Found a runed translucent gate.
 29618 | Elf:2    | Found a runed translucent gate.
 29647 | Elf:2    | Identified a scroll of acquirement
 29648 | Elf:2    | Acquired 676 gold pieces
 29784 | Elf:2    | Found a runed translucent gate.
 29785 | Elf:2    | Found a runed translucent gate.
 29785 | Elf:2    | Found a runed translucent gate.
 29925 | Elf:2    | Reached skill level 5 in Stealth
 30310 | Elf:2    | Reached skill level 1 in Hexes
 30310 | Elf:2    | Reached skill level 1 in Translocations
 30352 | Elf:2    | Reached XP level 19. HP: 55/111 MP: 28/31
 30404 | Elf:2    | Learned a level 3 spell: Portal Projectile
 30795 | Elf:2    | Noticed Teqapn's ghost (veteran FoMo)
 30831 | Elf:2    | HP: 3/111 [Teqapn's ghost (38)]
 31117 | Elf:2    | Killed Teqapn's ghost
 31350 | Elf:3    | Entered Level 3 of the Elven Halls
 31483 | Elf:3    | Reached skill level 5 in Hexes
 31483 | Elf:3    | Reached skill level 5 in Translocations
 31489 | Elf:3    | Noticed a deep elf blademaster
 31492 | Elf:3    | Killed a deep elf blademaster
 31497 | Elf:3    | HP: 4/111 [+4 halberd of distortion (28)]
 31497 | Elf:3    | Slain by a +4 halberd of distortion

Illustrated notes

Levels and vault maps discovered:
D:1:      scummos_arrival_star, layout_basic, st_stairs_9, minmay_pentomino_p4
D:2:      layout_rooms
D:3:      layout_loops_cross, serial_shops, nicolae_shop_rolled_up, uniq_robin
D:4:      layout_basic, minmay_temple_entry_junction, ebering_ghost_inner_flame,
          kennysheep_big_empty_room, nicolae_letterblocks
          [nicolae_letter_subblock, nicolae_letter_subblock,
          nicolae_letter_subblock, nicolae_letter_subblock,
          nicolae_letter_subblock, nicolae_letter_subblock,
          nicolae_letter_subblock, nicolae_letter_subblock,
          nicolae_letter_subblock, nicolae_letter_subblock,
          nicolae_letter_subblock, nicolae_letter_subblock,
          nicolae_letter_subblock, nicolae_letter_subblock,
          nicolae_letter_subblock, nicolae_letter_subblock,
          nicolae_letter_subblock, nicolae_letter_subblock,
          nicolae_letter_subblock, nicolae_letter_subblock,
          nicolae_letter_subblock, nicolae_letter_subblock,
          nicolae_letter_subblock, nicolae_letter_subblock,
          nicolae_letter_subblock]
D:5:      layout_rooms, serial_demonic, serial_demonic_g, serial_demonic_e,
          serial_demonic_c, serial_demonic_f, guppyfry_early_orc_mine
D:6:      layout_cave_pools, marbit_many_paths, nicolae_sextant,
          grunt_decor_fettered, chequers_big_river, uniq_pikel
D:7:      lemuel_ice_statue, layout_basic, mainiacjoe_overflow_24_doors,
          kennysheep_generic_room_16
D:8:      nicolae_cairo_tiling_very_big, layout_basic,
          mainiacjoe_overflow_chevrons, old_standard_altar, minivault_22
D:9:      layout_loops_ring, kennysheep_mini, erik_lair_island
D:10:     layout_rooms, amcnicky_altar_gilded, erik_orc_1, minmay_evil_grid,
          uniq_erolcha
Temple:   nicolae_temple_bog_church
Lair:1:   layout_chaotic_city, serial_bayou, serial_bayou_lagoon_b,
          serial_bayou_pond_c, serial_bayou_lagoon_a, serial_bayou_shore_b
Lair:2:   wad_woods_pond, layout_regular_city
Lair:3:   layout_gridlike, minmay_swamp_entry_swarm,
          spider_nest_entry_funnel_web, grunt_megastairs_3, uniq_amaemon,
          uniq_kirke
Lair:4:   layout_layer_cave, minmay_slime_entry_jelly_boxes,
          minmay_stone_trees_small, uniq_josephine
Lair:5:   grunt_lair_end_beastmaster, layout_cave_shapes,
          ebering_ghost_rock_garden
Swamp:1:  layout_basic_swamp, evilmike_swamp_ruin_rubble_1
Swamp:2:  layout_falls_marsh, gammafunk_ghost_berserking_beasts,
          evilmike_swamp_ruin_house_5
Swamp:3:  layout_falls_marsh, serial_swamp_ruin, evilmike_swamp_ruin_house_3,
          evilmike_swamp_ruin_house_1, infiniplex_staircase_pool
Swamp:4:  swamp_fiery, layout_basic_swamp, grunt_hermit_hut, uniq_donald
Spider:1: layout_spider_delve
Spider:2: layout_cave_pods, uniq_nikola
Orc:1:    layout_diamond_mine, basic_altar, minmay_orc_temple_b
Orc:2:    grunt_orc_community_town_hall, layout_caves,
          grunt_orc_community_big_house_1, grunt_orc_community_big_house_1,
          grunt_orc_community_house_2, grunt_orc_community_house_2,
          grunt_orc_community_house_3, grunt_orc_community_house_1
Elf:1:    layout_geoelf_grid, serial_shops, nicolae_diamond_shop,
          minmay_elf_annihilation
Elf:2:    nicolae_elf_blades_crystal_corner, layout_geoelf_diagonals,
          ebering_ghost_rock_garden, minmay_misc_feat_rows,
          lemuel_upstairs_altar
Elf:3:    minmay_elf_hall, layout_geoelf_octagon, uniq_mara

Skill      XL: |  1  2  3  4  5  6  7  8  9 10 11 12 13 14 15 16 17 18 19 |
---------------+----------------------------------------------------------+-----
Fighting       | 3 4 5 8 10 12 14 15 | 15.0
Ranged Weapons | 6 7 8 10 12 14 16 20 | 20.0
Dodging        | 4 6 10 15 | 15.0
Evocations     | 1 8 13 14 15 18 | 18.0
Armour         | 4 7 8 10 | 10.0
Invocations    | 7 9 |  9.0
Spellcasting   | 8 |  8.0
Stealth        | 8 |  8.0
Hexes          | 2 5 |  5.9
Translocations | 2 5 |  5.9

Action                     |  1- 3 |  4- 6 |  7- 9 | 10-12 | 13-15 | 16-18 | 19-21 || total
---------------------------+-------+-------+-------+-------+-------+-------+-------++-------
  Melee: Unarmed           |       |       |       |       |     7 |       |       ||     7
         Orcbow            |       |       |       |       |       |     2 |       ||     2
   Fire: Shortbow          |    76 |   109 |    85 |       |    16 |       |       ||   286
         Sling             |       |       |   154 |    58 |       |       |       ||   212
         Orcbow            |       |       |       |   355 |  1116 |  1000 |   191 ||  2662
 Invoke: Ancestor Life: Kn |       |       |     1 |       |       |       |       ||     1
         Transference      |       |       |       |       |     2 |     2 |       ||     4
         Recall Ancestor   |       |       |       |       |     1 |     1 |     1 ||     3
         Idealise          |       |       |       |       |     3 |     2 |       ||     5
  Evoke: Wand              |       |       |       |     1 |     9 |    23 |     6 ||    39
         Lightning rod     |       |       |       |       |     5 |     3 |     4 ||    12
         Tin of tremorston |       |       |       |       |       |     4 |     2 ||     6
         Box of beasts     |       |       |       |       |       |       |     1 ||     1
    Use: Scroll            |       |     5 |    12 |     4 |    10 |     9 |     1 ||    41
         Potion            |       |       |     1 |     1 |     4 |     7 |     1 ||    14
 Armour: Leather armour    |     6 |    14 |    14 |       |       |       |       ||    34
         Chain mail        |       |       |     9 |   225 |   386 |       |       ||   620
         Troll leather arm |       |       |       |       |    26 |    70 |     5 ||   101
  Dodge: Dodged            |    25 |    25 |    53 |   214 |   573 |   498 |    43 ||  1431

Table legend: (Time is in decaauts)
 A = Elapsed time spent in this place.
 B = Non-inter-level travel time spent in this place.
 C = Inter-level travel time spent in this place.
 D = Time resting spent in this place.
 E = Time spent auto-exploring this place.
 F = Levels seen in this place.
 G = Mean time per level.
                   A        B        C        D        E       F      G
               +--------+--------+--------+--------+--------+-----+--------+
         Total |  32439 |  30821 |   1618 |   6940 |  18726 |  27 | 1201.4 |
       Dungeon |  10294 |   9725 |    569 |    799 |   7610 |  10 | 1029.4 |
        Temple |     42 |     27 |     15 |      0 |     23 |   1 |   42.0 |
          Lair |  10242 |   9759 |    483 |   3035 |   4959 |   5 | 2048.4 |
         Swamp |   4132 |   3898 |    234 |    850 |   2303 |   4 | 1033.0 |
   Spider Nest |   2813 |   2657 |    156 |   1397 |    971 |   2 | 1406.5 |
  Orcish Mines |   1649 |   1557 |     92 |    124 |   1090 |   2 |  824.5 |
   Elven Halls |   3263 |   3198 |     65 |    735 |   1769 |   3 | 1087.7 |
               +--------+--------+--------+--------+--------+-----+--------+

Top non-repeatable levels by time:
Spider:1: 2378 daAuts
  Lair:4: 2216 daAuts
  Lair:1: 2153 daAuts
  Lair:3: 2124 daAuts
  Lair:5: 1944 daAuts
  Lair:2: 1803 daAuts
   Elf:2: 1638 daAuts
     D:7: 1547 daAuts
   Elf:1: 1487 daAuts
 Swamp:4: 1260 daAuts
     D:6: 1234 daAuts
 Swamp:1: 1217 daAuts
     D:8: 1198 daAuts
     D:9: 1145 daAuts
     D:4: 1129 daAuts
